 Dungeon Crawl Stone Soup version 0.18-a0-1300-g6e8322c (webtiles) character file.

2076 Tomstefer the Carver (level 9, -12/69 HPs)
             Began as a Demonspawn Gladiator on Feb 11, 2016.
             Was a Follower of Okawaru.
             Shot with an arrow by a centaur (14 damage)
             ... on level 6 of the Dungeon.
             The game lasted 00:17:10 (6841 turns).

Tomstefer the Carver (Demonspawn Gladiator)         Turns: 6841, Time: 00:17:10

Health: -12/69     AC:  7    Str: 18    XL:     9   Next: 6%
Magic:  9/9        EV: 12    Int: 10    God:    Okawaru [*.....]
Gold:   287        SH:  0    Dex: 14    Spells: 0 memorised, 8 levels left

rFire  . . .     SeeInvis .     a - +0 long sword
rCold  + + .     Gourm    .     E - +1 leather armour {rC+}
rNeg   . . .     Faith    .     (no shield)
rPois  .         Spirit   .     (helmet restricted)
rElec  .         Dismiss  .     (no cloak)
rCorr  .         Reflect  .     t - +0 pair of gloves
SustAt +         Harm     .     (no boots)
MR     .....                    v - amulet of magic regeneration
Stlth  +.........               b - ring of protection from cold
                                h - ring of sustain attributes

@: not resistant to hostile enchantments, very unstealthy
A: antennae 2, thin metallic scales 1, spiny 1
a: Heroism, Renounce Religion


You were on level 6 of the Dungeon.
You worshipped Okawaru.
Okawaru was aware of your devotion.
You were not hungry.

You visited 2 branches of the dungeon, and saw 7 of its levels.

You collected 287 gold pieces.

Inventory:

Hand Weapons
 a - a +0 long sword (weapon)
Missiles
 d - 3 throwing nets (quivered)
Armour
 t - a +0 pair of gloves (worn)
 E - a +1 leather armour of cold resistance (worn)
Jewellery
 b - a ring of protection from cold (right hand)
 h - a ring of sustain attributes (left hand)
 v - an amulet of magic regeneration (around neck)
 y - an uncursed ring of magical power
Wands
 i - a wand of lightning (4/15)
 p - a wand of confusion (31/48)
 C - a wand of paralysis (15/24)
Scrolls
 e - 3 scrolls of teleportation
 m - 3 scrolls of noise
 A - a scroll of random uselessness
Potions
 c - 2 potions of mutation {unknown}
 j - 4 potions of curing {unknown}
 l - a potion of berserk rage {unknown}
 n - 2 potions of magic {unknown}
 s - a potion of might {unknown}
 z - a potion of brilliance {unknown}
 B - a potion of cancellation {unknown}
 D - a potion of haste {unknown}
Books
 w - the Reference Book on the Fetching Glacier
   (You found it on level 4 of the Dungeon)

   Spells                             Type                      Level
   a - Ensorcelled Hibernation        Hexes/Ice                    2
   b - Ozocubu's Armour               Charms/Ice                   3
   c - Ice Form                       Ice/Transmutation            4
   d - Metabolic Englaciation         Hexes/Ice                    5
   e - Ozocubu's Refrigeration        Ice                          6
Comestibles
 f - 2 bread rations
 g - 2 royal jellies
 k - 4 beef jerkies
 o - 9 chunks of flesh
 q - 4 fruits


   Skills:
 + Level 6.2 Fighting
 * Level 9.9 Long Blades
 - Level 1.7 Throwing
 - Level 2.6 Dodging


You had 8 spell levels left.
You didn't know any spells.

Dungeon Overview and Level Annotations

Branches:
Dungeon (6/15)             Temple (1/1) D:5

Altars:
Dithmenos
Elyvilon
Gozag
Kikubaaqudgha
Makhleb
Okawaru
Pakellas
Ru
Trog
Vehumet
Yredelemnul
The Shining One


Innate Abilities, Weirdness & Mutations

You have a pair of antennae on your head.
You are partially covered in thin metallic scales (AC +2).
You are partially covered in sharp spines.


Message History

* * * LOW HITPOINT WARNING * * *
You see here an arrow.
Items here: (( )) [[ You start resting.
A centaur is nearby!
A centaur is nearby!
The centaur shoots an arrow.
The arrow hits you.
* * * LOW HITPOINT WARNING * * *
Items here: ((( )) [[ The centaur shoots an arrow.
The arrow hits you!
* * * LOW HITPOINT WARNING * * *
You see here 2 arrows.
Zapping:
C - a wand of paralysis {zapped: 5} (will waste charges)
Press: ? - help, Shift-Dir - straight line, f - centaur
Aim: a centaur, wielding an enchanted shortbow (chance to defeat MR: 46%)
The centaur resists with some effort.
Evoking this partially-identified wand wasted a few charges.
The centaur shoots an arrow.
The arrow misses you.
The centaur shoots an arrow.
The arrow hits you!
You die...

# #..#
#.####..########
#..............#
#..............#
#..............#
#####..((.....#'#
.........(..c...#####
.......###'#........
.......#.(@#........
#.
####...#####..###+##
#.. #.........(..'#
#.. #.........#....#
#...#.........#....+
#...#........##..###
#...'........##..#
#####(..###..##...
###..##(..###..##....


You could see a centaur.

Vanquished Creatures
  5 humans (D:6)
  2 ogres (D:4)
  2 centaurs (D:5)
  Blork the orc (D:4)
  A gnoll sergeant (D:5)
  A scorpion (D:6)
  2 giant frog zombies
  2 hounds
  8 orc wizards
  4 orc priests
  2 giant frog skeletons
  An iguana (D:5)
  2 worker ants
  Ijyb (D:3)
  4 gnolls (D:5)
  8 adders
  2 shadow imps (D:5)
  2 adder skeletons
  2 worms
  2 giant geckos (D:3)
  29 orcs
  10 bats
  6 giant cockroaches
  10 goblins
  7 hobgoblins
  4 jackals
  3 kobolds
  5 quokkas
  4 giant newts
  A quokka skeleton (D:4)
  8 rats
141 creatures vanquished.

Notes
Turn   | Place    | Note
--------------------------------------------------------------
     0 | D:1      | Tomstefer the Demonspawn Gladiator began the quest for the Orb.
     0 | D:1      | Reached XP level 1. HP: 16/16 MP: 1/1
   255 | D:1      | Reached skill level 3 in Long Blades
   359 | D:1      | Gained mutation: You are partially covered in sharp spines. [demonic ancestry]
   359 | D:1      | Reached XP level 2. HP: 22/22 MP: 2/2
   798 | D:2      | Found a glowing golden altar of the Shining One.
   801 | D:2      | Found a bloodstained altar of Trog.
   804 | D:2      | Found a white marble altar of Elyvilon.
   807 | D:2      | Found a radiant altar of Vehumet.
   809 | D:2      | Reached XP level 3. HP: 27/27 MP: 3/3
  1168 | D:2      | Reached skill level 4 in Long Blades
  1639 | D:3      | Gained mutation: You have a pair of small antennae on your head. [demonic ancestry]
  1639 | D:3      | Reached XP level 4. HP: 33/33 MP: 4/4
  1646 | D:3      | Reached skill level 5 in Long Blades
  1823 | D:3      | Found a faded altar to an unknown god.
  1910 | D:3      | Reached XP level 5. HP: 36/38 MP: 5/5
  1932 | D:3      | Noticed Ijyb
  1935 | D:3      | Killed Ijyb
  2499 | D:3      | Reached skill level 6 in Long Blades
  2853 | D:3      | Reached XP level 6. HP: 35/45 MP: 6/6
  3314 | D:4      | Reached skill level 7 in Long Blades
  3314 | D:4      | Reached XP level 7. HP: 7/52 MP: 7/7
  3562 | D:4      | Identified the Reference Book on the Fetching Glacier
  3981 | D:4      | Noticed Blork the orc
  3995 | D:4      | Killed Blork the orc
  4534 | D:5      | Entered Level 5 of the Dungeon
  4680 | D:5      | Found a staircase to the Ecumenical Temple.
  4689 | Temple   | Entered the Ecumenical Temple
  4771 | Temple   | Became a worshipper of Warmaster Okawaru
  4829 | D:5      | Reached skill level 8 in Long Blades
  5049 | D:5      | Gained mutation: You are partially covered in thin metallic scales (AC +2). [demonic ancestry]
  5049 | D:5      | Reached XP level 8. HP: 43/61 MP: 8/8
  5580 | D:5      | Reached skill level 5 in Fighting
  6202 | D:6      | Reached skill level 9 in Long Blades
  6209 | D:6      | Reached * piety under Okawaru
  6224 | D:6      | HP: 3/64 [poisoned by an adder]
  6231 | D:6      | HP: 3/64 [poisoned by an adder]
  6239 | D:6      | HP: 2/64 [poisoned by an adder]
  6806 | D:6      | Gained mutation: You have a pair of antennae on your head. [demonic ancestry]
  6806 | D:6      | Reached XP level 9. HP: 36/69 MP: 9/9
  6840 | D:6      | HP: 2/69 [centaur/arrow (7)]
  6841 | D:6      | Shot with an arrow by a centaur

Vault maps used:
D:1:      dpeg_arrival_rhombus
D:2:      grunt_temple_overflow_cloverleaf, first_bread
D:3:      ecumenical_altar_1, uniq_iyjb
D:4:      abandoned_shop, grunt_ministairs_5, uniq_blork_the_orc
D:5:      minmay_temple_entry_poolview
D:6:      serial_shops, nicolae_shop_behind_doors, minmay_ruffians, uniq_sigmund
Temple:   circular_temple_pool_8

Action                   |  1- 3 |  4- 6 |  7- 9 || total
-------------------------+-------+-------+-------++-------
Melee: Long sword        |    66 |    95 |   183 ||   344
Evoke: Wand              |       |     2 |     3 ||     5
  Use: Scroll            |     4 |       |     6 ||    10
 Stab: Paralysed         |       |       |    12 ||    12
  Eat: Chunk             |     2 |     6 |     6 ||    14
       Bread ration      |       |       |     1 ||     1
